 Dungeon Crawl Stone Soup version 0.20.1-1-g8b1a95d (webtiles) character file.

69 vatarom the Grave Robber (level 4, 30/30 HPs)
             Began as a Demonspawn Necromancer on Sept 8, 2017.
             Quit the game on level 2 of the Dungeon.
             The game lasted 00:06:05 (2112 turns).

vatarom the Grave Robber (Demonspawn Necromancer)   Turns: 2112, Time: 00:06:05

Health: 30/30      AC:  2    Str:  8      XL:     4   Next: 2%
Magic:  7/7        EV: 12    Int: 17 (18) God:
Gold:   141        SH:  0    Dex: 11 (13) Spells: 2/7 levels left

rFire    . . .     SeeInvis .   o - +0 rapier
rCold    . . .     Gourm    .   (no shield)
rNeg     . . .     Faith    .   a - +0 robe
rPois    .         Spirit   +   (no helmet)
rElec    .         Reflect  .   (no cloak)
rCorr    .         Harm     .   (no gloves)
MR       .....                  (no boots)
Stlth    ++........             (no amulet)
Regen    0.1/turn               (no ring)
MPRegen  0.1/turn               (no ring)

@: no status effects
A: hooves 1, nightstalker 1, magic shield
a: no special abilities


You were on level 2 of the Dungeon.
You were not hungry.

You visited 1 branch of the dungeon, and saw 2 of its levels.

You collected 141 gold pieces.

Inventory:

Hand Weapons
 o - a +0 rapier (weapon)
Armour
 a - a +0 robe (worn)
Scrolls
 d - 3 scrolls of recharging
 i - a scroll of blinking
 n - a scroll of teleportation
Potions
 e - a potion of lignification {unknown}
 g - 2 potions of heal wounds {unknown}
 j - a potion of berserk rage
 k - 2 potions of curing
Books
 b - a book of Necromancy

   Spells                             Type                      Level
   a - Pain                           Necromancy                   1
   b - Animate Skeleton               Necromancy                   1
   c - Vampiric Draining              Necromancy                   3
   d - Regeneration                   Charms/Necromancy            3
   e - Animate Dead                   Necromancy                   4
   f - Control Undead                 Necromancy                   4
Comestibles
 c - a bread ration
 f - 2 meat rations
 h - 6 chunks of flesh


   Skills:
 - Level 1.7 Dodging
 - Level 1.7 Stealth
 + Level 2.0 Spellcasting
 + Level 6.1 Necromancy


You had 2 spell levels left.
You knew the following spells:

 Your Spells              Type           Power        Failure   Level  Hunger
a - Pain                  Necr           ###.         1%          1    #......
b - Animate Skeleton      Necr           N/A          1%          1    #......
c - Vampiric Draining     Necr           ###.......   4%          3    ###....


Dungeon Overview and Level Annotations

Branches:
Dungeon (2/15)

Altars:


Innate Abilities, Weirdness & Mutations

You have large cloven feet.
You are slightly more attuned to the shadows.
When hurt, damage is shared between your health and your magic reserves.


Message History

Casting: Pain
Confirm with . or Enter, or press ? or * to list all spells.
Aiming: Pain
Press: ? - help, Shift-Dir - straight line, f/p - goblin
Aim: a goblin (heavily wounded, chance to defeat MR: 91%)
The goblin writhes in agony!
The goblin barely misses you.
You puncture the goblin!
You kill the goblin!
Eating one of 7 chunks of flesh.
You eat one of the 7 chunks of flesh.
This raw flesh tastes terrible.
l - a scroll labeled DISIEPNI POHO
m - a scroll labeled RARIAH QERETT
n - a scroll of teleportation
As you read the scroll labeled DISIEPNI POHO, it crumbles to dust.
The creatures around you are filled with an inner flame!
It was a scroll of immolation.
As you read the scroll labeled RARIAH QERETT, it crumbles to dust.
You smell sulphur.
It was a scroll of random uselessness.
Are you sure you want to abandon this character and quit the game? (Confirm with "yes".)

..#.... #...#.# ..........#
..#... #...#.# ..........#
.#..# #...#.# ..........#
...## ##...#.# .........##
.### .....#.### .#......## ..#
#.).....##.##.....# #.####
#......#.........# .....##
#.....(#.####....#
......########..@Z.#.####....#
§§§§§.......................##
§§§§...#######.....######...#
§§§§...# #.....# #...#
§§§§.§## #.....# #...# §#§§.##
####### #...# ###### #...#
#####


You could see a friendly hobgoblin skeleton (inner flame).

Vanquished Creatures
  2 adders (D:2)
  A worm (D:2)
  A dart slug (D:1)
  A leopard gecko (D:1)
  2 ball pythons (D:1)
  8 bats
  A giant cockroach (D:1)
  7 hobgoblins
  5 kobolds
  4 frilled lizards
  6 goblins
  6 rats
44 creatures vanquished.

Vanquished Creatures (collateral kills)
  A worm (D:2)
1 creature vanquished.

Grand Total: 45 creatures vanquished

Notes
Turn   | Place    | Note
-------+----------+-------------------------------------------
     0 | D:1      | vatarom the Demonspawn Necromancer began the quest for the Orb.
     0 | D:1      | Reached XP level 1. HP: 13/13 MP: 3/3
    29 | D:1      | Learned a level 1 spell: Animate Skeleton
   109 | D:1      | Gained mutation: You are slightly more attuned to the shadows. [demonic ancestry]
   109 | D:1      | Reached XP level 2. HP: 4/19 MP: 0/5
   470 | D:1      | Reached skill level 5 in Necromancy
   967 | D:1      | Gained mutation: You have large cloven feet. [demonic ancestry]
   967 | D:1      | Reached XP level 3. HP: 24/24 MP: 4/6
  1151 | D:1      | Learned a level 3 spell: Vampiric Draining
  1829 | D:2      | Reached skill level 6 in Necromancy
  2041 | D:2      | Gained mutation: When hurt, damage is shared between your health and your magic reserves. [demonic ancestry]
  2041 | D:2      | Reached XP level 4. HP: 30/30 MP: 7/7
  2112 | D:2      | Quit the game

Skill      XL: |  1  2  3 |
---------------+----------+-----
Necromancy     | 5 6 |  6.1
Dodging        | |  1.7
Stealth        | |  1.7
Spellcasting   | |  2.0

Action                   |  1- 3 |  4- 6 || total
-------------------------+-------+-------++-------
Melee: Unarmed           |     6 |       ||     6
       Dagger            |     1 |       ||     1
       Rapier            |     9 |     1 ||    10
       Kick              |     2 |       ||     2
 Cast: Pain              |    73 |     2 ||    75
       Animate Skeleton  |    16 |     1 ||    17
       Vampiric Draining |     3 |       ||     3
  Use: Potion            |     3 |       ||     3
       Scroll            |     6 |     2 ||     8
 Stab: Sleeping          |     2 |       ||     2
  Eat: Chunk             |     5 |     1 ||     6
Armor: Robe              |     6 |       ||     6
Dodge: Dodged            |    20 |     1 ||    21
